 Dungeon Crawl Stone Soup version 0.28-a0-706-gf6f64a616a (webtiles) character file.

Game seed: 15196117968934901011

8190 KoroneIsBestGirl the Fighter (level 11, -5/95 HPs)
             Began as a Barachi Fighter on Oct 24, 2021.
             Was an Initiate of Gozag.
             Slain by a six-headed hydra (9 damage)
             ... on level 11 of the Dungeon.
             The game lasted 00:16:25 (10000 turns).

KoroneIsBestGirl the Fighter (Barachi Fighter)     Turns: 10000, Time: 00:16:25

Health: -5/95      AC: 13    Str: 30    XL:     11   Next: 27%
Magic:  11/11      EV: 12    Int: 14    God:    Gozag
Gold:   539        SH: 12    Dex: 21    Spells: 10/10 levels left

rFire   . . .      SeeInvis .   a - +0 long sword (flame)
rCold   + . .      Faith    .   o - +0 kite shield {rC+}
rNeg    . . .      Spirit   .   b - +4 robe of Augmentation {Str+4 Int+4 Dex+4}
rPois   .          Reflect  .   y - +0 helmet
rElec   .          Harm     .   f - +0 cloak
rCorr   .          Rampage  .   (no gloves)
Will    .....      Rage     1%  l - +1 pair of boots
Stlth   ++........              n - amulet of regeneration
HPRegen 1.25/turn               x - +6 ring of strength
MPRegen 0.12/turn               N - +6 ring of dexterity

@: unable to hop, slow
A: amphibious, slowness 1, strong legs 1, +LOS, berserk 1, shaggy fur 1, subdued
magic 1
a: Hop, Renounce Religion, Potion Petition, Call Merchant, Bribe Branch


You were on level 11 of the Dungeon.
You worshipped Gozag.
Gozag was pleased with you.
You visited 2 branches of the dungeon, and saw 13 of its levels.
You visited 1 bazaar.

You collected 2045 gold pieces.
You spent 667 gold pieces at shops.
You paid 839 gold pieces to Gozag.

Inventory:

Hand Weapons
 a - a +0 long sword of flaming (weapon)
Missiles
 I - 2 throwing nets
Armour
 b - the +4 robe of Augmentation (worn) {Str+4 Int+4 Dex+4}
   (You bought it in a shop in a bazaar)

   Str:       It affects your strength (+4).
   Int:       It affects your intelligence (+4).
   Dex:       It affects your dexterity (+4).
 f - a +0 cloak (worn)
 l - a +1 pair of boots (worn)
 o - a +0 kite shield of cold resistance (worn)
 y - a +0 helmet (worn)
Jewellery
 n - an amulet of regeneration (around neck)
 p - a ring of ice
 x - a +6 ring of strength (left hand)
 M - a ring of poison resistance
 N - a +6 ring of dexterity (right hand)
 P - an amulet of the acrobat
Wands
 d - a wand of iceblast (20)
 u - a wand of charming (6)
 J - a wand of polymorph (4)
 O - a wand of paralysis (8)
Scrolls
 i - 5 scrolls of teleportation
 j - a scroll of brand weapon
 q - a scroll of holy word
 s - 3 scrolls of enchant weapon
 t - 2 scrolls of enchant armour
 z - a scroll of blinking
 B - a scroll of silence
 C - 2 scrolls of fear
 E - a scroll of fog
 H - a scroll of immolation
 K - a scroll of summoning {unknown}
 L - a scroll of torment
 Q - a scroll of amnesia
Potions
 e - a potion of ambrosia {unknown}
 g - 2 potions of heal wounds {unknown}
 h - 5 potions of degeneration {unknown}
 m - 2 potions of curing {unknown}
 v - 3 potions of berserk rage {unknown}
 w - 2 potions of lignification {unknown}
 A - a potion of attraction {unknown}
 D - 2 potions of flight {unknown}
 F - 2 potions of cancellation {unknown}
 G - a potion of resistance {unknown}


   Skills:
 - Level 12.0 Fighting
 - Level 11.0 Long Blades
 - Level 11.1 Armour
 + Level 2.5 Dodging
 + Level 7.7 Shields


You had 10 spell levels left.
You didn't know any spells.
Your spell library contained the following spells:

 Spells                   Type           Power      Damage    Failure   Level
 Scorch                   Fire           0%         2d5       69%         2
 Call Canine Familiar     Summ           0%         N/A       89%         3
 Portal Projectile        Hex/Tloc       0%         N/A       89%         3
 Flame Wave               Conj/Fire      0%         3d3       100%        4
 Leda's Liquefaction      Hex/Erth       0%         N/A       100%        4
 Summon Cactus Giant      Summ           0%         N/A       100%        6


Dungeon Overview and Level Annotations

Branches:
Dungeon (12/15)            Temple (1/1) D:7            Lair (0/6) D:11
    Orc (0/2) D:12

Altars:
Cheibriados
Elyvilon
Gozag
Hepliaklqana
Kikubaaqudgha
Makhleb
Nemelex Xobeh
Okawaru
Qazlal
Ru
Trog
Uskayaw
Vehumet
Wu Jian
Xom
Zin
The Shining One

Shops:
D:10 :[

Annotations:
D:11 3 runed translucent doors, SirDiesAlot's ghost, journeyman MiDe


Innate Abilities, Weirdness & Mutations

You are amphibious.
You cover ground slowly.
You can hop short distances.
You have an extended range of vision and can be seen from far away.
You tend to lose your temper in combat.
You are covered in fur. (AC +1)
Your spells are a little easier to cast, but a little less powerful.


Message History

You slice the very large slime creature!!
You burn the very large slime creature.
The very large slime creature is heavily wounded.
The very large slime creature hits you!!!
Ouch! That really hurt!
* * * LOW HITPOINT WARNING * * *
You are too injured to fight recklessly!
You are too injured to fight recklessly!
You are too injured to fight recklessly!
You are too injured to fight recklessly!
You are too injured to fight recklessly!
You are too injured to fight recklessly!
You are too injured to fight recklessly!
You are too injured to fight recklessly!
You are too injured to fight recklessly!
Hop to where?
Press: ? - help, Dir - move target A six-headed hydra comes into view.
Boing!
Two slime creatures merge to form a very large slime creature.
There is a stone staircase leading up here.
The six-headed hydra bites you but does no damage.
The six-headed hydra completely misses you.
The six-headed hydra barely misses you. The six-headed hydra bites you.
* * * LOW HITPOINT WARNING * * *
You block the six-headed hydra's attack.
The six-headed hydra bites you but does no damage.
You climb upwards.
Level annotation: 3 runed translucent doors, SirDiesAlot's ghost, journeyman MiDe
There is a stone staircase leading down here.
It was a potion of mutation.
You feel extremely strange. Fur sprouts all over your body.
You feel a little pissed off.
Your connection to magic feels subdued.
You block the six-headed hydra's attack.
The six-headed hydra bites you!
* * * LOW HITPOINT WARNING * * *
You block the six-headed hydra's attack.
The six-headed hydra bites you!
You die...
Your body crumbles into a pile of gold.

#.#...≈...#...# #.#
#....###......# #.#
#.............# #.#
###.#####.#..## #.#
#..........# #.#
####.##>##.# ##.#
#####.##.##.# #..#
#...D.......# #<##
###########.###@##.##.#
#.#
#........##.###.##.##.#
#.#
#.######.##...........#
#.#
##.##.........#..#######
#.#
........#####.#.##KK.##
#.# #.#####.#
#...#K#K#.######.# ..#
#.# #.#.+K.#K..#.....#
#.#####.#
#...+KKK...#######
#.##.##.# #.#.+..#...#


You could see a six-headed hydra, a kobold demonologist and 3 kobold brigands.

Vanquished Creatures
  A two-headed ogre (D:11)
  An oklob plant (D:11)
  3 cyclopes
  Maggie (D:10)
  A merfolk (D:11)
  A hornet (D:8)
  A wyvern (D:9)
  11 yaks
  A steam dragon (D:7)
  2 water moccasins
  An acid dragon (D:11)
  An orc warrior (D:10)
  A black bear (D:7)
  3 sky beasts
  4 necrophages
  2 centaurs
  2 kobold brigands
  2 gnoll sergeants
  2 bullfrogs
  2 scorpions
  2 wyvern zombies
  8 killer bees
  3 wights (D:9)
  A howler monkey (D:5)
  A bullfrog zombie (D:5)
  2 centaur zombies
  3 orc priests
  3 hounds
  2 jellies (D:7)
  2 bullfrog skeletons
  2 centaur skeletons (D:7)
  An iguana (D:5)
  Natasha (thrice) (D:4)
  6 orc wizards
  A killer bee zombie (D:9)
  3 howler monkey zombies
  14 gnolls
  A howler monkey skeleton (D:4)
  16 adders
  7 shadow imps
  A white imp (D:7)
  A worm (D:3)
  2 dart slugs
  30 orcs
  4 endoplasms
  4 giant cockroaches
  2 goblins
  5 hobgoblins
  4 jackals (D:4)
  7 quokkas
  9 ball pythons
  7 bats
  17 kobolds
  5 rats
222 creatures vanquished.

Vanquished Creatures (others)
  An orc wizard (D:7)
1 creature vanquished.

Grand Total: 223 creatures vanquished

Notes
Turn   | Place    | Note
-------+----------+-------------------------------------------
     0 | D:1      | KoroneIsBestGirl the Barachi Fighter began the quest for
                  | the Orb.
     0 | D:1      | Reached XP level 1. HP: 18/18 MP: 1/1
   207 | D:1      | Found a faded altar of an unknown god.
   278 | D:1      | Reached XP level 2. HP: 25/25 MP: 2/2
   952 | D:2      | Reached skill level 4 in Fighting
   984 | D:2      | Reached XP level 3. HP: 21/30 MP: 3/3
  1512 | D:2      | Reached XP level 4. HP: 14/37 MP: 4/4
  1830 | D:3      | Noticed a scorpion
  1839 | D:3      | Killed a scorpion
  1840 | D:3      | Reached XP level 5. HP: 29/43 MP: 5/5
  2007 | D:3      | Found a transporter.
  2043 | D:3      | Found a transporter.
  2234 | D:3      | Reached skill level 5 in Fighting
  2318 | D:3      | Reached skill level 5 in Armour
  2361 | D:3      | Reached XP level 6. HP: 51/51 MP: 6/6
  2738 | D:4      | You fall into a shaft and drop 2 floors!
  2751 | D:5      | Entered Level 5 of the Dungeon
  2791 | D:5      | Noticed a sky beast
  2814 | D:5      | Killed a sky beast
  2825 | D:5      | Reached skill level 5 in Long Blades
  2825 | D:5      | Reached XP level 7. HP: 42/57 MP: 7/7
  2869 | D:5      | Reached skill level 6 in Fighting
  3690 | D:4      | Noticed Natasha
  3699 | D:4      | Killed Natasha
  4059 | D:4      | Noticed Natasha
  4065 | D:4      | Killed Natasha
  4083 | D:4      | Noticed Natasha
  4098 | D:4      | Killed Natasha
  4407 | D:6      | Reached skill level 7 in Fighting
  4407 | D:6      | Reached XP level 8. HP: 15/67 MP: 8/8
  5384 | D:7      | Reached skill level 8 in Fighting
  5508 | D:7      | Reached XP level 9. HP: 61/75 MP: 9/9
  5613 | D:7      | Found a staircase to the Ecumenical Temple.
  5641 | Temple   | Entered the Ecumenical Temple
  5667 | Temple   | Became a worshipper of Gozag Ym Sagoz the Greedy
  5830 | D:7      | Noticed a two-headed ogre
  5885 | D:8      | Reached skill level 9 in Fighting
  5966 | D:8      | Noticed a hornet
  5969 | D:8      | Paralysed by a hornet for 3 turns
  5976 | D:8      | Paralysed by a hornet for 1 turns
  5978 | D:8      | Paralysed by a hornet for 1 turns
  5979 | D:8      | Killed a hornet
  6132 | D:8      | Identified a scroll of acquirement
  6823 | D:9      | Noticed a cyclops
  6833 | D:9      | Killed a cyclops
  6834 | D:9      | Reached skill level 10 in Fighting
  6834 | D:9      | Reached skill level 10 in Armour
  6834 | D:9      | Reached XP level 10. HP: 74/85 MP: 10/10
  7200 | D:10     | Entered Level 10 of the Dungeon
  7214 | D:10     | Found a sparkling altar of Nemelex Xobeh.
  7214 | D:10     | Found a white marble altar of Elyvilon.
  7220 | D:10     | Found a burning altar of Makhleb.
  7224 | D:10     | Found a sacrificial altar of Ru.
  7227 | D:10     | Found a stormy altar of Qazlal.
  7228 | D:10     | Found an ancient bone altar of Kikubaaqudgha.
  7270 | D:10     | Noticed a cyclops
  7279 | D:10     | Killed a cyclops
  7280 | D:10     | Reached skill level 10 in Long Blades
  7399 | D:10     | Found an iron altar of Okawaru.
  7460 | D:10     | Reached skill level 11 in Fighting
  7741 | D:10     | Noticed Maggie
  7761 | D:10     | Killed Maggie
  7886 | D:10     | Found Hidic's Book Boutique.
  8111 | D:10     | Acquired 692 gold pieces
  8126 | D:10     | Bought a +0 kite shield of cold resistance for 138 gold
                  | pieces
  8780 | D:11     | Noticed a two-headed ogre
  8791 | D:11     | Killed a two-headed ogre
  8842 | D:11     | Noticed an oklob plant
  8844 | D:11     | Found a staircase to the Lair.
  8925 | D:11     | Killed an oklob plant
  8926 | D:11     | Reached skill level 12 in Fighting
  8926 | D:11     | Reached skill level 5 in Shields
  8981 | D:11     | Reached XP level 11. HP: 92/95 MP: 11/11
  9137 | D:11     | Found a flickering gateway to a bazaar.
  9144 | Bazaar   | Entered a bazaar
  9146 | Bazaar   | Found Larurghytt's General Store.
  9149 | Bazaar   | Found Tyoklujergh's Antique Armour Boutique.
  9150 | Bazaar   | Found Rapteu Ysyst's Weapon Boutique.
  9150 | Bazaar   | Found Jeuboef's General Store.
  9181 | Bazaar   | Bought the +4 robe of Augmentation {Str+4 Int+4 Dex+4} for
                  | 529 gold pieces
  9181 | Bazaar   | Found the +4 robe of Augmentation {Str+4 Int+4 Dex+4}
  9280 | D:11     | Noticed a cyclops
  9290 | D:11     | Killed a cyclops
  9291 | D:11     | Reached skill level 1 in Dodging
  9714 | D:11     | Found a runed translucent gate.
  9714 | D:11     | Found a runed translucent gate.
  9714 | D:11     | Noticed SirDiesAlot's ghost (journeyman MiDe)
  9715 | D:11     | Found a runed translucent gate.
  9996 | D:12     | Noticed a six-headed hydra
 10000 | D:11     | Gained mutation: You are covered in fur. (AC +1) [potion of
                  | mutation]
 10000 | D:11     | Gained mutation: You tend to lose your temper in combat.
                  | [potion of mutation]
 10000 | D:11     | Gained mutation: Your spells are a little easier to cast,
                  | but a little less powerful. [potion of mutation]
 10000 | D:11     | HP: 4/95 [six-headed hydra (11)]
 10000 | D:11     | Slain by a six-headed hydra

Illustrated notes

Levels and vault maps discovered:
D:1:      lemuel_arrival_funnel, layout_basic, shapermc_ecumenical_altar_gd
D:2:      layout_rooms, minmay_fractal_squares_gapless_5
D:3:      gammafunk_wand_slinger, layout_rooms, minmay_snake_closets
D:4:      layout_basic, chequers_serial_rivers_micro_b, uniq_natasha
D:5:      wander_river, layout_basic, serial_park_tiny_pond
D:6:      cheibrodos_iron_armory, layout_loops_corners,
          kennysheep_generic_room_4
D:7:      minmay_the_grid_octo_triangle [minmay_the_grid_octo_focus,
          minmay_the_grid_octo_prize_square_snowflake,
          minmay_the_grid_octo_clover_2], layout_basic,
          minmay_temple_entry_statues_pillars, serial_curves, eino_curves_04,
          eino_curves_04
D:8:      layout_loops_ring, lightli_ossuary_entry_decrepit_ruins
D:9:      layout_layer_cave, ebering_ghost_disaster_area
D:10:     layout_roguey, minitemple, overflow_temple_1_default, serial_shops,
          nicolae_shop_competitors_out_of_business, uniq_maggie
D:11:     layout_loops_ring, dpeg_oklobed_lair, serial_shops, bzr_entry_gold,
          gammafunk_ghost_nasty_kobolds, chequers_avenue, hangedman_fish_farm
D:12:     layout_layer_cave, david_orc_5, gauntlet_entry_generic,
          columned_hall_lemuel, nicolae_blasting_shop, lemuel_blue_sif_altar
Temple:   regret_index_temple_waves

Skill      XL: |  1  2  3  4  5  6  7  8  9 10 11 |
---------------+----------------------------------+-----
Fighting       | 4 5 7 8 10 12 | 12.0
Armour         | 4 5 6 8 10 11 | 11.1
Long Blades    | 3 4 5 6 7 9 11 | 11.0
Shields        | 4 5 7 |  7.7
Dodging        | 2 |  2.5

Action                   |  1- 3 |  4- 6 |  7- 9 | 10-12 || total
-------------------------+-------+-------+-------+-------++-------
Melee: Long sword        |   130 |   173 |   469 |   270 ||  1042
Invok: Call Merchant     |       |       |       |     1 ||     1
 Abil: Hop               |       |       |     1 |     5 ||     6
  Use: Potion            |       |     1 |     1 |     1 ||     3
       Scroll            |       |       |     9 |    10 ||    19
Armor: Scale mail        |    55 |       |       |       ||    55
       Plate armour      |    44 |   150 |   346 |    67 ||   607
       Robe              |       |       |       |    26 ||    26
Dodge: Dodged            |    73 |    46 |   147 |    76 ||   342
Block: Buckler           |    34 |    45 |   107 |    15 ||   201
       Kite shield       |       |       |       |    71 ||    71

Table legend: (Time is in decaauts)
 A = Elapsed time spent in this place.
 B = Non-inter-level travel time spent in this place.
 C = Inter-level travel time spent in this place.
 D = Time resting spent in this place.
 E = Time spent auto-exploring this place.
 F = Levels seen in this place.
 G = Mean time per level.
                   A        B        C        D        E       F      G
               +--------+--------+--------+--------+--------+-----+--------+
         Total |  11496 |  10739 |    757 |    448 |   8154 |  14 |  821.1 |
       Dungeon |  11348 |  10643 |    705 |    448 |   8103 |  12 |  945.7 |
        Temple |     80 |     28 |     52 |      0 |     19 |   1 |   80.0 |
        Bazaar |     67 |     67 |      0 |      0 |     32 |   1 |   67.0 |
               +--------+--------+--------+--------+--------+-----+--------+

Top non-repeatable levels by time:
     D:9: 1362 daAuts
    D:11: 1301 daAuts
     D:5: 1195 daAuts
     D:1: 1103 daAuts
     D:6: 1079 daAuts
    D:10: 1065 daAuts
     D:3: 1032 daAuts
     D:2: 973 daAuts
     D:8: 899 daAuts
     D:4: 721 daAuts
     D:7: 588 daAuts
  Temple: 80 daAuts
  Bazaar: 67 daAuts
    D:12: 23 daAuts
